Get step-by-step instructions on how to execute this build order below. Start the game timer, and the build order will tick by so you can play in parallel with StarCraft on a second screen or mobile device.

Game Time

  0:00

Last Step

  N/A

Next Step

  12  0:00  SCV  

Upcoming Step

  13  0:13  SCV  

Don't want to look back and forth between 2 screens? Try out our Overwolf App, the Spawning Tool Build Advisor to get an in-game overlay with this build!

Complete Build Order

  12  0:00  SCV  
  13  0:13  SCV  
  14  0:17  Supply Depot  
  14  0:25  SCV  
  14  0:27  Refinery  
  15  0:38  SCV  
  16  0:44  Barracks  
  16  0:50  SCV  
  17  1:03  SCV  
  18  1:15  SCV  
  19  1:30  Marine, Factory  
  19  1:31  Orbital Command  
  19  1:32  Supply Depot  
  20  1:37  Refinery  
  20  1:54  Barracks Reactor  
  20  1:56  SCV  
  21  2:08  SCV  
  21  2:14  Cyclone  
  25  2:16  Bunker  
  25  2:20  SCV  
  26  2:31  Marine  
  26  2:32  Marine, Starport  
  26  2:33  SCV  
  29  2:39  Supply Depot  
  29  2:49  Marine x2  
  31  2:57  Engineering Bay  
  31  3:00  SCV  
  32  3:09  Marine x2  
  32  3:10  Widow Mine  
  36  3:13  Supply Depot  
  36  3:18  Medivac  
  38  3:23  SCV  
  39  3:34  Marine  
  39  3:35  Supply Depot, Marine  
  40  3:51  SCV  
  40  3:52  Marine  
  40  3:53  Marine  
  43  3:56  Missile Turret  
  43  3:58  Cyclone  
  43  4:00  Viking  
  48  4:10  Marine x2  
  50  4:30  Command Center  
  49  4:32  Marine x2  
  49  4:35  SCV  
  47  4:50  Marine x2  
  46  4:53  SCV  
  47  5:00  Cyclone  
  47  5:01  Viking  
  52  5:07  Supply Depot, Marine  
  52  5:08  Marine  
  52  5:12  SCV  
  48  5:24  SCV  
  48  5:25  Marine  
  48  5:26  Marine  
  54  5:36  SCV  
  54  5:41  Factory Tech Lab  
  52  5:44  Barracks  
  52  5:48  SCV  
  53  5:52  Marine x2  
  53  5:56  Barracks  
  55  6:02  Siege Tank  
  55  6:03  Bunker  
  58  6:10  SCV  
  59  6:13  Orbital Command  
  59  6:17  Marine  
  60  6:18  Marine  
  60  6:19  Liberator  
  60  6:22  SCV  
  62  6:33  Barracks Tech Lab  
  62  6:34  Siege Tank, SCV  
  69  6:40  SCV  
  69  6:46  Marine x2, SCV  
  73  6:48  Barracks Tech Lab  
  73  6:52  SCV  
  73  6:53  Stimpack  
  74  6:56  Marine  
  74  7:00  SCV  
  76  7:04  SCV  
  77  7:10  Combat Shields  
  77  7:11  Supply Depot, Terran Infantry Weapons Level 1  
  77  7:16  SCV  
  78  7:32  Siege Tank, Marine x4, SCV  
  86  7:37  Starport Reactor  
  86  7:53  SCV  
  86  7:54  SCV  
  86  7:56  Marine  
  86  7:57  Marine  
  81  7:59  Marine  
  81  8:04  Marauder, Siege Tank  
  82  8:06  SCV x2  
  82  8:07  Barracks x2  
  79  8:14  Refinery  
  79  8:15  Refinery  
  79  8:16  Command Center  
  79  8:17  Marine  
  79  8:18  Marauder, Marine, SCV x2  
  85  8:30  SCV  
  85  8:31  Supply Depot  
  85  8:32  Medivac x2, Marauder  
  92  8:35  SCV  
  92  8:36  Marine  
  94  8:46  Factory Reactor  
  94  8:52  Marine, SCV  
  94  8:53  Marauder  
  98  8:57  Marauder, Barracks Reactor  
  98  8:58  Marine  
  98  9:01  SCV  
  102  9:03  Supply Depot  
  102  9:10  Concussive Shells  
  102  9:12  Terran Infantry Armor Level 1  
  102  9:14  Supply Depot  
  102  9:15  Supply Depot  
  102  9:17  Medivac x2, Marine  
  102  9:18  Marauder, SCV  
  110  9:24  SCV  
  110  9:26  Marauder x2, Marine  
  110  9:30  Orbital Command  
  116  9:32  Liberator  
  116  9:33  Liberator  
  116  9:34  Marine x2  
  116  9:35  Marine  
  116  9:37  Widow Mine  
  121  9:38  Widow Mine  
  121  9:40  SCV  
  121  9:41  SCV  
  131  9:53  SCV  
  131  9:55  Marauder, Marine  
  131  9:57  SCV  
  131  9:58  Marine  
  131  9:59  Marine  
  137  10:01  SCV  
  137  10:03  Marauder  
  141  10:08  Supply Depot  
  141  10:09  Marauder  
  141  10:10  Marine  
  141  10:13  Marine  
  144  10:23  SCV  
  144  10:24  Marine x2  
  144  10:25  Marauder, Marine  
  147  10:34  Marauder, Marine  
  150  10:36  Armory  
  150  10:37  Supply Depot  
  150  10:38  Marine, Refinery  
  150  10:39  Widow Mine x2  
  155  10:47  Marauder  
  157  10:59  Marine x2  
  164  11:05  Marauder x2  
  164  11:08  Marauder, Marine  
  138  11:11  Marine  
  138  11:16  Marine x2  
  128  11:31  Barracks x3